AoeStats
← [NICE_ASS] BigMasi

Marketplace

506599213Analyzed
1v1 RM · 18d ago on Sep 14, 2026· 54m 36s· 2 players
Game mode
Random Map
Map size
Tiny (2 player)
Population
200
Speed
Normal
Resources
Standard
Victory
Conquest
Starting age
Dark Age
Ending age
Imperial Age
RankedLock teamsTeams togetherTeam positionsShared explorationLock speedFull tech treeHidden civsTurbo modeCheats
Victory
Defeat
🇮🇹 Goths · Italy
1234
+15
🇨🇭 Armenians · Switzerland
1208
-15
[NICE_ASS] BigMasi
7:37 Loom
7:40 Loom
11:04 Feudal Age
12:00 Double-Bit Axe
16:07 Fletching
22:15 Castle Age
21:36 Padded Archer Armor
23:16 Bodkin Arrow
24:59 Leather Archer Armor
25:25 Bow Saw
25:12 Gold Mining
25:07 Horse Collar
29:03 Wheelbarrow
30:14 Ballistics
37:42 Imperial Age
38:31 Hand Cart
39:19 Bracer
39:50 Ring Archer Armor
40:26 Conscription
46:14 Onager
51:23 Chemistry
52:04 Man-at-Arms
52:30 Gambesons
52:45 Squires
52:31 Arson
54:08 Scale Mail Armor
Borderline
6:51 Loom
10:43 Feudal Age
11:27 Man-at-Arms
13:16 Town Watch
14:10 Wheelbarrow
18:28 Forging
19:42 Fletching
20:39 Scale Mail Armor
21:27 Padded Archer Armor
25:27 Castle Age
23:33 Double-Bit Axe
23:36 Horse Collar
24:25 Gold Mining
25:51 Stone Mining
25:48 Elite Skirmisher
32:14 Imperial Age
30:03 Bodkin Arrow
33:31 Chain Mail Armor
33:23 Town Watch
35:21 Hand Cart
40:14 Conscription
41:18 Leather Archer Armor
41:04 Bracer
41:29 Heavy Scorpion
43:45 Iron Casting
44:42 Ballistics
45:22 Chemistry
53:45 Long Swordsman
Connection lost

Rejoining the realm…

Still unreachable

The connection could not be restored.

Session expired

The server has moved on; the page needs a fresh start.